 Dungeon Crawl Stone Soup version 0.20.0-10-g0535bb4 (webtiles) character file.

72368 Heskey the Warrior (level 15, -5/109 HPs)
             Began as a Gargoyle Fighter on June 5, 2017.
             Was the Champion of Qazlal.
             Killed from afar by a shock serpent (20 damage)
             ... with a bolt of electricity
             ... on level 1 of the Snake Pit.
             The game lasted 00:56:15 (20645 turns).

Heskey the Warrior (Gargoyle Fighter)              Turns: 20645, Time: 00:56:16

Health: -5/109     AC:  0    Str: 24    XL:     15   Next: 39%
Magic:  19/19      EV: 13    Int: 10    God:    Qazlal [******]
Gold:   1237       SH:  8    Dex: 10    Spells: 14/14 levels left

rFire    + . .     SeeInvis .   (weapon currently unavailable)
rCold    . . .     Gourm    .   (shield currently unavailable)
rNeg     + . .     Faith    .   (armour currently unavailable)
rPois    ∞         Spirit   .   (helmet currently unavailable)
rElec    .         Reflect  .   (cloak currently unavailable)
rCorr    .         Harm     .   (gloves currently unavailable)
MR       +....                  (boots currently unavailable)
Stlth    +.........             s - amulet of regeneration
Regen    0.7/turn               (ring currently unavailable)
MPRegen  0.2/turn               (ring currently unavailable)

@: pig-form, protected from fire, repel missiles, very quick
A: mutation resistance 1, negative energy resistance 1, petrification
resistance, rot immunity, AC +11
a: Upheaval, Elemental Force, Disaster Area, Renounce Religion


You were on level 1 of the Snake Pit.
You worshipped Qazlal.
Qazlal was exalted by your worship.
You were not hungry.
You were a filthy swine.
You visited 4 branches of the dungeon, and saw 23 of its levels.

You collected 1714 gold pieces.
You spent 477 gold pieces at shops.

Inventory:

Hand Weapons
 b - a +0 morningstar
 l - a +9 club of electrocution (melded)
Armour
 c - a +0 shield (melded)
 d - a +1 helmet (melded)
 o - a scarf of repulsion (melded)
 x - a +0 pair of boots (melded)
 G - a +1 plate armour (melded)
 J - a +2 pair of gloves of strength (melded)
Jewellery
 m - an uncursed ring of protection from fire
 n - a +1 ring of protection (melded)
 q - a ring of protection from magic (melded)
 s - an amulet of regeneration (around neck)
 w - an uncursed ring of protection from magic
Wands
 r - a wand of digging (13/24)
 y - a wand of lightning (5/15)
 z - a wand of confusion (30/48)
 H - a wand of lightning (3/15)
 I - a wand of flame (6/48)
 K - a wand of digging (12/24)
 R - a wand of lightning (11/15)
 S - a wand of iceblast (4/15)
 T - a wand of enslavement (5/24)
Scrolls
 h - 2 scrolls of enchant armour
 k - 14 scrolls of remove curse
 t - 9 scrolls of identify
 B - 2 scrolls of enchant weapon
 D - 2 scrolls of recharging
 F - 2 scrolls of magic mapping
 L - a scroll of amnesia
 N - a scroll of blinking
 P - a scroll of brand weapon
 V - a scroll of silence
 Y - a scroll of fog
 Z - 2 scrolls of teleportation
Potions
 e - 3 potions of brilliance
 j - 2 potions of heal wounds
 v - 12 potions of curing
 M - a potion of agility
 W - a potion of haste
Comestibles
 f - 10 bread rations
 i - 30 fruits
 p - 12 meat rations
 u - 20 royal jellies


   Skills:
 * Level 18.7 Fighting
 + Level 12.8 Maces & Flails
 + Level 13.9 Armour
 + Level 7.3 Shields
 + Level 6.4 Invocations


You had 14 spell levels left.
You didn't know any spells.

Dungeon Overview and Level Annotations

Branches:
Dungeon (15/15)            Temple (1/1) D:6            Lair (6/6) D:10
  Swamp (0/4) Lair:3        Snake (1/4) Lair:4        Slime (0/5) Lair:6
    Orc (0/2) D:11         Vaults (0/5) D:13         Depths (0/5) D:15

Altars:
Ashenzari
Cheibriados
Dithmenos
Elyvilon
Fedhas
Gozag
Hepliaklqana
Kikubaaqudgha
Makhleb
Nemelex Xobeh
Okawaru
Qazlal
Ru
Sif Muna
Trog
Uskayaw
Vehumet
Xom
Yredelemnul
Zin
The Shining One
Jiyva

Shops:
D:8 [}*!   D:10 [

Annotations:
Snake:1 Kirke


Innate Abilities, Weirdness & Mutations

You are resistant to torment.
((Your stone body is resilient. (AC +11)))
You are immune to poison.
((Your large and strong wings let you fly indefinitely.))
You resist negative energy. (rN+)
((You are resistant to electric shocks. (rElec)))
((You can survive without breathing.))
You are immune to petrification.
You are immune to rotting.
((You are partially covered in molten scales. (AC +2)))
You are somewhat resistant to further mutation.


Message History

Your resistance to physical damage fades away.
You feel protected from fire.
The hog is engulfed in blazing flames.
The hog is struck by lightning.
You hear an angry hiss. x4
You hear an angry hiss.
A shock serpent comes into view.
The shock serpent hisses angrily.
The shock serpent shoots out a bolt of lightning at you!
The bolt of electricity hits you!
The shock serpent shoots out a bolt of lightning at you!
The bolt of electricity hits you!
* * * LOW HITPOINT WARNING * * *
You see here a black mamba corpse.
Your protection from fire is fading.
The shock serpent shoots out a bolt of lightning at you!
The bolt of electricity misses you.
The shock serpent shoots out a bolt of lightning at you!
The bolt of electricity hits you!
You die...

##.# ... #..#####
.... #..S...##...
###..........
##h.)...§..###
#..#h(§†§....#
#..##.†......#
###.h.###..§§§.#
#.......###.h.##
####.........###<#
#.....h........####
##.....h.###......#
####.#.## ########
##....#.# #....k#.#
##.....#.#
#........#


You could see a shock serpent and a hog.

Vanquished Creatures
  A fire giant (D:14)
  Josephine (D:10)
  Erolcha (D:10)
  A rakshasa (D:14)
  3 hydras
  A catoblepas (Lair:5)
  A death knight (D:15)
  A merfolk avatar (Lair:6)
  An ogre mage (D:15)
  7 death yaks
  10 two-headed ogres
  Urug (D:10)
  A naga sharpshooter (Snake:1)
  A skeletal warrior (D:14)
  2 sea snakes (Lair:6)
  An unseen horror (D:10)
  Pikel (D:7)
  A necromancer (D:13)
  2 wolf spider zombies (D:14)
  2 deep elf magi (D:14)
  A mana viper (Snake:1)
  A phantasmal warrior (D:15)
  7 ugly things
  3 cyclopes
  2 manticores (Lair:6)
  Maurice (D:9)
  3 centaur zombies
  9 elephants
  Joseph (D:7)
  A naga mage (Snake:1)
  5 black mambas
  9 spiny frogs
  2 rime drakes
  7 komodo dragons
  A freezing wraith (D:15)
  2 tengu conjurers (D:14)
  A harpy zombie (D:15)
  6 trolls
  A wind drake (Lair:6)
  6 hornets
  3 polar bears (Lair:6)
  A slime creature (Lair:4)
  17 dream sheep (Lair:6)
  Grinder (D:3)
  9 hippogriffs
  31 yaks
  A vampire (D:14)
  Sigmund (D:6)
  7 wraiths
  7 wyverns
  A hog (Snake:1)
  Grum (D:8)
  2 basilisks
  A steam dragon (D:11)
  3 hungry ghosts
  A swamp worm (Lair:3)
  An acid dragon (D:13)
  4 nagas (Lair:4)
  2 soldier ants
  17 water moccasins
  10 porcupines
  Duvessa (D:7)
  6 orc warriors
  A black bear (D:6)
  A hornet zombie (D:14)
  2 phantoms
  An eye of draining (D:12)
  2 sky beasts
  18 wolves
  14 centaurs
  7 ogres
  11 crocodiles
  3 big kobolds
  Blork the orc (D:4)
  18 bullfrogs
  A wyvern zombie (D:13)
  8 scorpions
  Dowan (D:7)
  15 killer bees
  9 wights (D:9)
  2 howler monkeys
  4 crimson imps
  2 bullfrog zombies
  A quasit (D:10)
  8 orc priests
  11 jellies
  12 orc wizards
  4 hounds
  Crazy Yiuf (D:2)
  3 centaur skeletons
  4 iguanas
  Jessica (D:3)
  16 worker ants
  2 hell rats (D:10)
  Robin (D:2)
  2 howler monkey zombies
  A worker ant zombie (D:8)
  A howler monkey skeleton (D:5)
  16 adders
  A river rat (D:10)
  4 shadow imps
  16 oozes
  2 adder zombies (D:9)
  An adder skeleton (D:5)
  3 worms
  2 dart slugs
  8 leopard geckos
  80 orcs
  2 ball pythons
  4 bats
  7 giant cockroaches
  14 goblins
  7 hobgoblins
  2 jackals (D:3)
  6 quokkas
  6 frilled lizards
  22 kobolds
  A quokka zombie (D:5)
  7 rats
  3 butterflies
640 creatures vanquished.

Vanquished Creatures (others)
  A centaur skeleton (D:15)
  Menkaure (D:7)
  3 slaves (D:7)
  A killer bee (D:7)
  2 orc wizards (D:7)
  2 orcs (D:7)
  15 fungi
  16 plants
41 creatures vanquished.

Grand Total: 681 creatures vanquished

Notes
Turn   | Place    | Note
-------+----------+-------------------------------------------
     0 | D:1      | Heskey the Gargoyle Fighter began the quest for the Orb.
     0 | D:1      | Reached XP level 1. HP: 14/14 MP: 1/1
   167 | D:1      | Reached XP level 2. HP: 20/20 MP: 2/2
   497 | D:2      | Noticed Robin
   541 | D:1      | Reached XP level 3. HP: 10/24 MP: 3/3
   822 | D:2      | Reached skill level 4 in Fighting
   966 | D:2      | Found a runed door.
  1201 | D:2      | Reached XP level 4. HP: 28/30 MP: 4/4
  1214 | D:2      | Killed Robin
  1493 | D:2      | Noticed Crazy Yiuf
  1504 | D:2      | Killed Crazy Yiuf
  1504 | D:2      | Reached XP level 5. HP: 34/34 MP: 5/5
  1539 | D:3      | Noticed Grinder
  1662 | D:3      | Killed Grinder
  1662 | D:3      | Reached skill level 5 in Fighting
  1662 | D:3      | Reached XP level 6. HP: 7/41 MP: 6/6
  2212 | D:3      | Found a glowing golden altar of the Shining One.
  2236 | D:3      | Found an ancient bone altar of Kikubaaqudgha.
  2236 | D:3      | Noticed Jessica
  2251 | D:3      | Killed Jessica
  2622 | D:3      | Reached skill level 6 in Fighting
  2878 | D:3      | Reached XP level 7. HP: 45/47 MP: 7/7
  3322 | D:4      | Reached skill level 5 in Armour
  3948 | D:4      | Noticed Blork the orc
  3956 | D:4      | Killed Blork the orc
  3956 | D:4      | Reached skill level 7 in Fighting
  4223 | D:5      | Entered Level 5 of the Dungeon
  4304 | D:5      | Found a blossoming altar of Fedhas.
  4520 | D:5      | Reached XP level 8. HP: 46/53 MP: 8/8
  4676 | D:5      | Found a hide-covered altar of Uskayaw.
  4822 | D:6      | Reached skill level 5 in Maces & Flails
  4837 | D:6      | Noticed Sigmund
  4853 | D:6      | Killed Sigmund
  4853 | D:6      | Reached skill level 8 in Fighting
  4868 | D:6      | Found a staircase to the Ecumenical Temple.
  4899 | D:6      | Found a radiant altar of Vehumet.
  4931 | Temple   | Entered the Ecumenical Temple
  5067 | Temple   | Became a worshipper of Qazlal Stormbringer
  5409 | D:6      | Found a white marble altar of Elyvilon.
  5410 | D:6      | Found an iron altar of Okawaru.
  5414 | D:6      | Found a burning altar of Makhleb.
  5454 | D:7      | Found a bloodstained altar of Trog.
  5486 | D:7      | Found a runed door.
  5496 | D:7      | Noticed Joseph
  5500 | D:7      | Noticed Pikel
  5515 | D:7      | Killed Joseph
  5515 | D:7      | Reached skill level 9 in Fighting
  5529 | D:7      | Killed Pikel
  5529 | D:7      | Reached XP level 9. HP: 19/62 MP: 9/9
  5760 | D:7      | Found a runed door.
  5834 | D:7      | Killed Menkaure
  5864 | D:7      | Reached skill level 10 in Fighting
  6252 | D:7      | Found a blossoming altar of Fedhas.
  6287 | D:7      | Noticed Duvessa
  6287 | D:7      | Noticed Dowan
  6296 | D:7      | Killed Dowan
  6296 | D:7      | Reached * piety under Qazlal
  6310 | D:7      | Killed Duvessa
  7088 | D:8      | Noticed Grum
  7092 | D:8      | Reached skill level 11 in Fighting
  7103 | D:8      | Reached XP level 10. HP: 53/69 MP: 10/10
  7114 | D:8      | Killed Grum
  7197 | D:8      | Found Coeweant's Assorted Antiques.
  7255 | D:8      | Found Domil's Distillery.
  7262 | D:8      | Bought a potion of mutation for 88 gold pieces
  7262 | D:8      | Bought a potion of heal wounds for 55 gold pieces
  7262 | D:8      | Bought a potion of heal wounds for 55 gold pieces
  7262 | D:8      | Gained mutation: You are partially covered in molten scales. (AC +2) [potion of mutation]
  7262 | D:8      | Gained mutation: You are somewhat resistant to further mutation. [potion of mutation]
  7291 | D:8      | Found Zoyh's Gadget Emporium.
  7329 | D:8      | Found a deep blue altar of Sif Muna.
  7539 | D:8      | Reached ** piety under Qazlal
  7580 | D:8      | Found a shadowy altar of Dithmenos.
  7628 | D:8      | Found Toysam's Antique Armour Shop.
  7629 | D:8      | Noticed a two-headed ogre
  7638 | D:8      | Killed a two-headed ogre
  8145 | D:9      | Reached skill level 12 in Fighting
  8348 | D:9      | Reached *** piety under Qazlal
  8737 | D:9      | Found an opulent altar of Gozag.
  8737 | D:9      | Noticed Maurice
  8790 | D:9      | Killed Maurice
  8790 | D:9      | Reached XP level 11. HP: 76/76 MP: 11/11
  8851 | D:9      | Found a sparkling altar of Nemelex Xobeh.
  8943 | D:9      | Noticed a two-headed ogre
  8964 | D:9      | Killed a two-headed ogre
  8964 | D:9      | Reached skill level 13 in Fighting
  9377 | D:10     | Entered Level 10 of the Dungeon
  9414 | D:10     | Reached skill level 10 in Armour
  9436 | D:10     | Noticed Urug
  9443 | D:10     | Noticed a death yak
  9446 | D:10     | Noticed a death yak
  9451 | D:10     | Noticed a death yak
  9454 | D:10     | Noticed Erolcha
  9489 | D:10     | Killed a death yak
  9522 | D:10     | Killed a death yak
  9527 | D:10     | Killed Erolcha
  9615 | D:10     | Noticed Josephine
  9644 | D:10     | Killed Josephine
  9710 | D:10     | Reached skill level 14 in Fighting
  9763 | D:10     | Reached **** piety under Qazlal
  9875 | D:10     | Killed a death yak
  9956 | D:10     | Found Yqeulenn's Armour Shoppe.
 10060 | D:10     | Bought a +2 pair of gloves of strength for 279 gold pieces
 10088 | D:10     | Found a staircase to the Lair.
 10286 | D:10     | Reached XP level 12. HP: 81/86 MP: 12/12
 10827 | D:10     | Killed Urug
 10827 | D:10     | Reached skill level 10 in Maces & Flails
 10946 | D:10     | Found an opulent altar of Gozag.
 11238 | D:11     | Found a staircase to the Orcish Mines.
 11265 | D:11     | Reached ***** piety under Qazlal
 11330 | D:11     | Noticed a five-headed hydra
 11344 | D:11     | Killed a five-headed hydra
 11344 | D:11     | Reached skill level 15 in Fighting
 11656 | D:11     | Noticed a two-headed ogre
 11675 | D:11     | Killed a two-headed ogre
 12778 | D:12     | Noticed a seven-headed hydra
 12792 | D:12     | Killed a seven-headed hydra
 12859 | D:12     | Noticed a two-headed ogre
 12868 | D:12     | Killed a two-headed ogre
 13139 | D:13     | Reached ****** piety under Qazlal
 13139 | D:13     | Reached skill level 16 in Fighting
 13139 | D:13     | Reached XP level 13. HP: 93/93 MP: 13/13
 13409 | D:13     | Found a gate to the Vaults.
 14209 | D:15     | Entered Level 15 of the Dungeon
 14324 | D:15     | Found a staircase to the Depths.
 14325 | D:15     | Noticed a fire giant
 14335 | D:15     | Identified a scroll of acquirement
 14539 | D:15     | Noticed a rakshasa
 14588 | D:14     | Reached skill level 17 in Fighting
 14624 | D:14     | Killed a fire giant
 14624 | D:14     | Reached skill level 1 in Invocations
 14800 | D:14     | Killed a rakshasa
 15227 | D:15     | Gained mutation: Your large and strong wings let you fly indefinitely. [Gargoyle growth]
 15227 | D:15     | Reached XP level 14. HP: 100/102 MP: 14/16
 15655 | Lair:1   | Entered Level 1 of the Lair of Beasts
 15659 | Lair:1   | Reached skill level 5 in Shields
 17634 | Lair:3   | Found a staircase to the Swamp.
 18303 | Lair:4   | Found a staircase to the Snake Pit.
 18980 | Lair:5   | Reached skill level 18 in Fighting
 19226 | Lair:5   | Reached skill level 5 in Invocations
 19567 | Lair:6   | Entered Level 6 of the Lair of Beasts
 19639 | Lair:6   | Reached XP level 15. HP: 98/109 MP: 19/19
 19755 | Lair:6   | Found a staircase to the Slime Pits.
 19756 | Lair:6   | Found a viscous altar of Jiyva.
 20470 | Snake:1  | Entered Level 1 of the Snake Pit
 20603 | Snake:1  | Noticed Kirke
 20645 | Snake:1  | Killed from afar by a shock serpent

Skill      XL: |  1  2  3  4  5  6  7  8  9 10 11 12 13 14 15 |
---------------+----------------------------------------------+-----
Fighting       | 4 5 6 7 9 11 12 14 16 17 18 | 18.7
Maces & Flails | 3 4 6 7 8 9 10 11 12 | 12.8
Armour         | 4 5 7 8 9 10 11 12 13 | 13.9
Invocations    | 2 5 6 |  6.4
Shields        | 4 6 7 |  7.3

Action                   |  1- 3 |  4- 6 |  7- 9 | 10-12 | 13-15 || total
-------------------------+-------+-------+-------+-------+-------++-------
Melee: Flail             |   120 |   139 |    55 |       |       ||   314
       Club              |       |       |   364 |  1225 |  1066 ||  2655
       Unarmed           |       |       |       |       |     9 ||     9
  Use: Scroll            |     3 |     3 |     9 |     3 |    13 ||    31
       Potion            |     1 |     5 |     4 |    11 |     4 ||    25
 Stab: Invisible         |       |       |       |     1 |     5 ||     6
  Eat: Bread ration      |     1 |       |     1 |     2 |     1 ||     5
       Chunk             |       |     2 |     4 |    14 |    13 ||    33
       Fruit             |       |       |     1 |       |     2 ||     3
       Meat ration       |       |       |     1 |       |     1 ||     2
       Royal jelly       |       |       |       |       |     3 ||     3
Armor: Scale mail        |    64 |    59 |   305 |    53 |       ||   481
       Plate armour      |       |       |       |   627 |   583 ||  1210
       Skin              |       |       |       |       |     2 ||     2
Dodge: Dodged            |    54 |    37 |   152 |   161 |   175 ||   579
       Deflected         |       |       |       |     5 |    15 ||    20
Block: Shield            |    82 |    70 |   271 |   795 |   992 ||  2210
       Other             |       |       |       |       |     8 ||     8
